 Dungeon Crawl Stone Soup version 0.21-a0-404-g291f19a (webtiles) character file.

161 jjjjhere the Sneak (level 5, -6/40 HPs)
             Began as a Spriggan Monk on Oct 25, 2017.
             Mangled by Grinder (10 damage)
             ... on level 3 of the Dungeon on Oct 28, 2017.
             The game lasted 00:06:46 (4390 turns).

jjjjhere the Sneak (Spriggan Monk)                  Turns: 4390, Time: 00:06:47

Health: -6/40      AC:  2    Str: 12    XL:     5   Next: 18%
Magic:  6/6        EV: 20    Int: 12    God:
Gold:   52         SH:  0    Dex: 19    Spells: 4/4 levels left

rFire    . . .     SeeInvis +   a - +0 short sword
rCold    . . .     Gourm    .   (shield restricted)
rNeg     . . .     Faith    .   b - +0 robe
rPois    .         Spirit   .   (helmet restricted)
rElec    .         Reflect  .   (no cloak)
rCorr    .         Harm     .   (gloves unavailable)
MR       .....                  (boots unavailable)
Stlth    ..........             (no amulet)
HPRegen  0.13/turn              (no ring)
MPRegen  0.10/turn              (no ring)

@: berserking (expiring), hasted, very quick
A: unfitting armour, see invisible, herbivore 3, speed 3, slow metabolism 2
a: no special abilities


You were on level 3 of the Dungeon.
You were near starving.

You visited 1 branch of the dungeon, and saw 3 of its levels.

You collected 52 gold pieces.

Inventory:

Hand Weapons
 a - a +0 short sword (weapon)
Armour
 b - a +0 robe (worn)
 i - a +0 buckler
Scrolls
 d - 3 scrolls of identify {unknown}
 f - 3 scrolls of remove curse {unknown}
 g - a scroll of teleportation {unknown}
 h - a scroll of enchant armour {unknown}
 j - a scroll of noise {unknown}
Comestibles
 c - 3 bread rations


   Skills:
 - Level 2.4 Fighting
 - Level 5.1 Short Blades
 + Level 4.5 Dodging
 + Level 6.3 Stealth


You had 4 spell levels left.
You didn't know any spells.

Dungeon Overview and Level Annotations

Branches:
Dungeon (3/15)

Altars:

Annotations:
D:2 Natasha
D:3 Grinder


Innate Abilities, Weirdness & Mutations

You are very small and have problems with some larger weapons.
You are too small for most types of armour.
You have supernaturally acute eyesight. (SInv)
You are a herbivore.
You cover ground extremely quickly.
You need consume almost no food.


Message History

You hit Grinder.
Grinder is severely wounded.
Grinder misses you.
You puncture Grinder!
Grinder is almost dead.
You are near starving!
You hit Grinder but do no damage.
Grinder is almost dead.
Grinder gestures at you. You resist with some effort.
You completely miss Grinder.
Grinder is almost dead.
You barely miss Grinder.
Grinder is almost dead.
Grinder gestures at you. You resist with some effort.
You hit Grinder.
Grinder is almost dead.
Grinder hits you!
You die...

######## ......#
...>..# ......#
#### #######......
.....#####.......#
#.......##....#
####.@5##..##.#
##........###<# ##
#..###.#......#
... ##.#
##.#####..# .....
#..# #.....
#(#.###.##
##.##..# #..5.##.#
#.# .#
##.#.##.#######.#
# #...............


You could see Grinder.

Vanquished Creatures
  Jessica (D:2)
  Natasha (twice) (D:2)
  A worker ant zombie (D:3)
  2 gnolls (D:2)
  2 adders (D:2)
  2 dart slugs (D:1)
  A leopard gecko (D:2)
  A giant cockroach (D:1)
  5 goblins
  4 hobgoblins
  3 jackals
  A ball python (D:2)
  6 bats
  2 frilled lizards
  4 rats
37 creatures vanquished.

Notes
Turn   | Place    | Note
-------+----------+-------------------------------------------
     0 | D:1      | jjjjhere the Spriggan Monk began the quest for the Orb.
     0 | D:1      | Reached XP level 1. HP: 11/11 MP: 2/2
   206 | D:1      | Reached XP level 2. HP: 16/16 MP: 3/3
   448 | D:1      | Reached skill level 4 in Stealth
   666 | D:1      | Upgraded the game from 0.21-a0-401-g0b6bec4 to 0.21-a0-404-g291f19a
   710 | D:2      | Noticed Jessica
   725 | D:2      | Killed Jessica
   725 | D:2      | Reached XP level 3. HP: 19/19 MP: 4/4
  1083 | D:2      | Reached skill level 5 in Stealth
  1196 | D:2      | Noticed Natasha
  1241 | D:2      | Killed Natasha
  1241 | D:2      | Reached XP level 4. HP: 13/23 MP: 5/5
  1620 | D:2      | Noticed Natasha
  2843 | D:3      | Noticed Grinder
  2993 | D:2      | Reached skill level 6 in Stealth
  3158 | D:2      | Killed Natasha
  3158 | D:2      | Reached skill level 5 in Short Blades
  3158 | D:2      | Reached XP level 5. HP: 4/27 MP: 6/6
  3197 | D:2      | Noticed Natasha
  4390 | D:3      | Mangled by Grinder

Vault maps used:
D:1:      giann_wishing_wells, minivault_19
D:2:      lemuel_doored_altar, uniq_jessica, uniq_natasha
D:3:      yredelemnul_altar_generic, uniq_grinder

Skill      XL: |  1  2  3  4 |
---------------+-------------+-----
Stealth        | 4 5 6 |  6.3
Short Blades   | 4 5 |  5.1
Fighting       | |  2.4
Dodging        | |  4.5

Action                   |  1- 3 |  4- 6 || total
-------------------------+-------+-------++-------
Melee: Short sword       |   103 |   121 ||   224
  Use: Potion            |       |     2 ||     2
 Stab: Sleeping          |     7 |     2 ||     9
       Distracted        |       |     1 ||     1
Armor: Robe              |    12 |     4 ||    16
Dodge: Dodged            |    94 |    99 ||   193

Table legend:
 A = Spawn XP
 B = Non-spawn XP
 C = Spawn XP percentage of total XP
 D = Spawn monster count
 E = Non-spawn monster count
 F = Spawn count percentage of total count
 G = Total turns spent on level
                    A         B        C        D         E        F      G
               +---------+---------+-------+---------+---------+-------+---------
         Total |       0 |     230 |   0.0 |       0 |      37 |   0.0 |  4390
               +---------+---------+-------+---------+---------+-------+---------
           D:1 |       0 |      33 |   0.0 |       0 |      17 |   0.0 |  2748
           D:2 |       0 |     179 |   0.0 |       0 |      18 |   0.0 |  1334
           D:3 |       0 |      18 |   0.0 |       0 |       2 |   0.0 |   308
               +---------+---------+-------+---------+---------+-------+---------
